 Dungeon Crawl Stone Soup version 0.16-a0-2979-g562a0a4 (webtiles) character file.

196076 Ratboiler the Severer (level 17, -4/144 HPs)
             Began as a Centaur Wanderer on Dec 4, 2014.
             Was a High Priest of Trog.
             Slain by a naga warrior
             ... wielding a +1 flail of crushing
              (6 damage)
             ... on level 4 of the Snake Pit on Dec 5, 2014.
             The game lasted 02:33:30 (51203 turns).

Ratboiler the Severer (Centaur Wanderer)           Turns: 51203, Time: 02:33:31

Health: -4/144     AC: 27    Str: 15    XL:     17   Next: 73%
Magic:  25/25      EV: 14    Int: 12    God:    Trog [*****.]
Gold:   2717       SH:  6    Dex: 17    Spells: 0 memorised, 16 levels left

rFire  + . .     SeeInvis .     a - +9 broad axe (chaos)
rCold  + . .     Clarity  .     q - +1 swamp dragon armour
rNeg   . . .     SustAb   .     B - +0 buckler {rC+}
rPois  +         Gourm    .     H - +1 helmet
rElec  .         Spirit   .     Q - +2 cloak {MR+}
rCorr  .         Warding  .     X - +0 pair of gloves
rMut   .         Stasis   .     A - +0 centaur barding
MR     ++++.                    T - amulet of regeneration
Stlth  ..........               J - +4 ring of protection
                                x - ring of protection from fire

@: lethally poisoned, exhausted, regenerating, slowed, constricted, incredibly
resistant to hostile enchantments, extremely unstealthy
A: hooves 3, clever 1, deformed body, speed 2, mutation resistance 1, tough skin
3, wild magic 1
a: Burn Spellbooks, Berserk, Trog's Hand, Brothers in Arms, Renounce Religion
}: 1/15 runes: decaying


You were on level 4 of the Snake Pit.
You worshipped Trog.
Trog was extremely pleased with you.
You were not hungry.

You visited 5 branches of the dungeon, and saw 36 of its levels.
You also visited: Sewer and Bailey.

You collected 3577 gold pieces.
You spent 860 gold pieces at shops.

Inventory:

Hand weapons
 a - a +9 broad axe of chaos (weapon)
Missiles
 f - 6 silver tomahawks (quivered)
Armour
 q - a +1 swamp dragon armour (worn)
 A - a +0 centaur barding (worn)
 B - a +0 buckler of cold resistance (worn)
 H - a +1 helmet (worn)
 Q - a +2 cloak of magic resistance (worn)
 X - a +0 pair of gloves (worn)
Rods
 I - a +0 rod of destruction (12/12)
   (You found it on level 7 of the Dungeon)
Jewellery
 c - an uncursed amulet of clarity
 x - a ring of protection from fire (left hand)
 E - an uncursed ring of teleport control
 J - a +4 ring of protection (right hand)
 T - an amulet of regeneration (around neck)
 V - an uncursed ring of ice
 W - an uncursed ring of teleportation
Magical devices
 b - a wand of confusion (10)
 d - a wand of teleportation (4)
 g - a wand of invisibility (5)
 u - a wand of lightning (4)
 w - a wand of digging (19)
 z - a wand of heal wounds (5)
 C - a wand of heal wounds (3)
 G - a wand of digging (5)
 M - a wand of flame (6)
 Y - a wand of slowing (31)
Scrolls
 e - 8 scrolls of recharging
 i - 13 scrolls of remove curse
 k - 4 scrolls of fear
 v - a scroll of magic mapping
 y - a scroll of silence
 O - a scroll of holy word
 P - 8 scrolls of teleportation
 U - 3 scrolls of fog
 Z - a scroll of identify
Potions
 h - 2 potions of brilliance
 l - 4 potions of resistance
 n - a potion of berserk rage
 o - 7 potions of might
 p - 5 potions of restore abilities
 r - 3 potions of heal wounds
 s - 3 potions of agility
 t - 5 potions of curing
 D - 4 potions of haste
 K - 2 potions of invisibility
 R - a potion of flight
 S - a potion of cancellation
Comestibles
 j - a bread ration
 m - 8 beef jerkies
 F - a meat ration
 L - 4 chunks of flesh


   Skills:
 - Level 11.1 Fighting
   Level 1.7 Short Blades
 - Level 18.3 Axes
   Level 1.0 Staves
 - Level 1.3 Throwing
 * Level 9.0 Armour
 - Level 12.5 Dodging
 - Level 7.8 Shields
 - Level 7.0 Evocations


You had 16 spell levels left.
You didn't know any spells.

Dungeon Overview and Level Annotations

Branches:
Dungeon (15/15)            Temple (0/1) D:7            Lair (8/8) D:10
  Swamp (5/5) Lair:4        Snake (4/5) Lair:6        Slime (0/6) Lair:7
    Orc (4/4) D:10            Elf (0/3) Orc:3        Vaults (0/5) D:14
 Depths: D:15

Altars:
Dithmenos
Okawaru
Trog
Vehumet
Zin
The Shining One
Beogh
Jiyva

Shops:
D:7 }   D:11 (   D:14 (([   Orc:4 :*[((

Annotations:
D:2 Sigmund
Swamp:4 Lernaean hydra


Innate Abilities, Weirdness & Mutations

You have hooves in place of feet.
Armour fits poorly on your strangely shaped body.
You cover ground very quickly.
You have extremely tough skin (AC +3).
Your mind is acute. (Int +2)
You are somewhat resistant to further mutation.
Your spells are a little harder to cast, but a little more powerful.


Message History

* * * LOW HITPOINT WARNING * * *
x2 You are constricted.
The naga spits poison at you. You block the splash of poison.
You escape the naga warrior's grasp.
You hear a shout!
Use which ability? (? or * to list)
Your deep troll goes berserk!
You feel somewhat more hungry.
You feel sick. The naga mage barely misses you.
Something hits you but does no damage. Something grabs you.
* * * LOW HITPOINT WARNING * * *
You are constricted.
The naga mage hits you but does no damage.
Something hits you.
* * * LOW HITPOINT WARNING * * *
x3 You are constricted.
Your attempt to break free from the naga warrior fails, but you feel that another attempt might succeed.
You block the naga mage's attack. Something hits you!!
* * * LOW HITPOINT WARNING * * *
You die...

.######## ........##
.........N##### ####
.........N{)..##...#
..........#@T......##
......#####...)....##
.N...# ##........##
.....# #.........#
..... ##.........
.[.... ##..<......
#......
####.......#..
.......###........<##
..................##


You could see a naga mage, a naga and a friendly deep troll (berserk).

Vanquished Creatures
  Saint Roka (Orc:4)
  Vashnia (Snake:3)
  Kirke (Snake:1)
  Frances (Swamp:3)
  Roxanne (Swamp:1)
  Donald (Swamp:3)
  Aizul (Snake:1)
  Gastronok (D:8)
  Jorgrun (Swamp:2)
  A very ugly thing (Swamp:2)
  Snorg (Lair:3)
  A fire dragon (D:14)
  A vault guard (D:14)
  The ghost of Ratboiler the Spear-Bearer, a powerful CeWn of Okawaru (Lair:1)
  5 naga warriors
  22 hydras
  Nessos (Swamp:1)
  A ghost crab (Swamp:5)
  11 alligators
  A centaur warrior (D:14)
  13 death yaks (Lair:8)
  A tengu warrior (D:13)
  5 anacondas
  2 shock serpents
  4 orc high priests (Orc:4)
  4 naga sharpshooters
  Urug (Swamp:1)
  7 spriggans
  A spectral anaconda (Swamp:5)
  A shambling mangrove (Swamp:3)
  10 swamp dragons
  4 unseen horrors
  Erolcha (D:8)
  4 naga ritualists
  3 wolf spider zombies
  10 hill giants
  6 orc knights
  A faun (Lair:6)
  A phantasmal warrior (D:14)
  A manticore (D:12)
  6 mana vipers
  5 salamanders
  5 orc sorcerers
  4 cyclopes
  2 griffons
  2 ugly things
  A red wasp (Swamp:3)
  An octopode (shapeshifter) (D:12)
  2 elephants (Lair:4)
  31 spiny frogs
  Maurice (D:8)
  19 black mambas
  A centaur zombie (D:14)
  2 gargoyles
  7 naga magi
  2 kobold demonologists (D:11)
  18 komodo dragons
  An orange demon (Orc:4)
  2 fire drakes
  2 tengu conjurers (D:13)
  A merfolk (D:13)
  10 polar bears
  7 giant leeches
  11 blink frogs
  2 boulder beetles
  7 trolls
  A harpy skeleton (D:14)
  26 slime creatures
  6 bog bodies
  A red wasp zombie (D:14)
  4 basilisks
  A spectral swamp dragon (Swamp:5)
  18 ravens
  3 shadows
  A trapdoor spider (shapeshifter) (D:13)
  6 wyverns
  2 deep elf magi
  A water elemental (D:11)
  21 vampire mosquitoes
  A steam dragon (Lair:8)
  32 yaks
  22 wolves
  A hungry ghost (D:10)
  A spectral spiny frog (Swamp:5)
  10 hippogriffs
  9 wargs
  2 hogs (Snake:1)
  31 water moccasins
  21 insubstantial wisps
  4 hell hounds (Lair:8)
  14 nagas
  A spectral hippogriff (Swamp:5)
  21 swamp worms
  9 ice beasts
  2 sky beasts
  5 porcupines
  8 spiders (D:14)
  22 swamp drakes
  2 mottled dragons
  6 yellow wasps
  12 black bears
  2 phantoms
  An orc zombie (Orc:4)
  14 ogres
  44 orc warriors
  3 centaurs
  18 giant frogs
  5 big kobolds
  12 crocodiles
  Blork the orc (D:8)
  2 scorpions
  9 killer bees (D:14)
  23 hounds
  5 electric eels (D:11)
  2 quasits
  A goliath beetle (D:6)
  31 orc priests
  8 iguanas
  7 crimson imps
  A giant frog skeleton (D:5)
  2 jellies
  3 centaur skeletons
  2 gnoll shamans (D:7)
  2 spectral swamp drakes (Swamp:5)
  11 worker ants
  41 orc wizards
  10 sheep (Lair:2)
  Jessica (D:2)
  3 hound zombies
  A worker ant zombie (D:9)
  24 gnolls
  27 adders
  42 river rats
  5 shadow imps
  3 giant mites (D:4)
  A white imp (D:11)
  5 worms
  An adder skeleton (D:5)
  7 giant geckos
  An ooze (D:5)
  187 orcs
  7 ball pythons
  A bat skeleton (D:5)
  A bat zombie (D:6)
  6 giant cockroaches
  33 goblins
  36 hobgoblins
  17 jackals
  28 kobolds
  5 quokkas
  16 bats
  A giant cockroach zombie (D:6)
  A giant gecko skeleton (D:6)
  9 giant newts
  A quokka skeleton (D:4)
  14 rats
  6 fungi
  11 plants
1375 creatures vanquished.

Vanquished Creatures (collateral kills)
  2 orc warlords
  A fire dragon (Lair:8)
  4 hydras
  An alligator (Swamp:3)
  A naga sharpshooter (Snake:3)
  2 orc knights (Bailey)
  A sixfirhy (Orc:4)
  2 black mambas
  A troll (Swamp:3)
  A polar bear (Lair:8)
  A basilisk (Lair:8)
  A steam dragon (Lair:8)
  A swamp worm (Swamp:3)
  An insubstantial wisp (Swamp:4)
  2 water moccasins (Lair:8)
  A mottled dragon (Lair:8)
  An ogre (Orc:4)
  A yellow wasp (Swamp:3)
  8 orc warriors
  A crocodile (Lair:8)
  An orc priest (Orc:4)
  2 gnolls (Bailey)
  5 orcs (Orc:4)
42 creatures vanquished.

Vanquished Creatures (others)
  Asterion (Swamp:3)
  A naga mage (Snake:4)
  A troll (Lair:8)
  3 two-headed ogres
  A raven (Swamp:4)
  2 water moccasins
  A black bear (Swamp:5)
  3 ogres
  An adder (Sewer)
  4 fungi
  3 plants
21 creatures vanquished.

Grand Total: 1438 creatures vanquished

Notes
Turn   | Place    | Note
--------------------------------------------------------------
     0 | D:1      | Ratboiler, the Centaur Wanderer, began the quest for the Orb.
     0 | D:1      | Ratboiler set off with: a wand of enslavement (15), a scroll of teleportation, a +0 short sword, a +0 robe, a bread ration
     0 | D:1      | Reached XP level 1. HP: 20/20 MP: 1/1
    78 | D:1      | Reached skill level 1 in Axes
   105 | D:1      | Found a glowing golden altar of the Shining One.
   133 | D:1      | Reached XP level 2. HP: 21/27 MP: 2/2
   588 | D:1      | Reached XP level 3. HP: 31/33 MP: 3/3
  1543 | D:2      | Noticed Sigmund
  1626 | D:2      | Noticed Jessica
  1637 | D:2      | Killed Jessica
  1637 | D:2      | Reached XP level 4. HP: 36/40 MP: 3/3
  2553 | D:3      | Noticed a giant frog
  3060 | D:4      | Reached XP level 5. HP: 40/46 MP: 4/4
  3064 | D:4      | Found a glowing drain.
  3194 | Sewer    | Entered a sewer
  3533 | Sewer    | Reached skill level 5 in Axes
  3663 | Sewer    | Reached XP level 6. HP: 41/52 MP: 6/6
  3860 | Sewer    | Reached skill level 6 in Axes
  4286 | D:5      | Entered Level 5 of the Dungeon
  4470 | D:5      | Reached XP level 7. HP: 59/59 MP: 6/6
  4543 | D:5      | Reached skill level 7 in Axes
  4934 | D:5      | Found a bloodstained altar of Trog.
  4961 | D:5      | Became a worshipper of Trog the Wrathful
  4969 | D:5      | Found a glowing silver altar of Zin.
  5152 | D:5      | Found a radiant altar of Vehumet.
  5521 | D:4      | Noticed a phantom
  5794 | D:5      | Reached skill level 8 in Axes
  6250 | D:6      | Acquired Trog's first power
  6348 | D:6      | Reached XP level 8. HP: 48/66 MP: 7/7
  6859 | D:6      | Acquired Trog's second power
  6859 | D:6      | Reached skill level 9 in Axes
  7173 | D:7      | Found Wuel's Gadget Shop.
  7195 | D:7      | Identified a +0 rod of destruction (12/12) (You found it on level 7 of the Dungeon)
  7293 | D:7      | Reached skill level 10 in Axes
  7412 | D:7      | Found a staircase to the Ecumenical Temple.
  8225 | D:8      | Reached XP level 9. HP: 53/71 MP: 8/8
  8344 | D:8      | Noticed Gastronok
  8773 | D:8      | Killed Gastronok
  8773 | D:8      | Reached skill level 12 in Axes
  9151 | D:8      | Noticed Erolcha
  9158 | D:8      | Killed Erolcha
  9388 | D:8      | Noticed Blork the orc
  9398 | D:8      | Killed Blork the orc
  9413 | D:8      | Reached XP level 10. HP: 64/78 MP: 8/8
  9415 | D:8      | Acquired Trog's third power
  9546 | D:8      | Noticed Maurice
  9563 | D:8      | Killed Maurice
  9738 | D:8      | Reached skill level 13 in Axes
 10235 | D:9      | Received a gift from Trog
 10632 | D:10     | Entered Level 10 of the Dungeon
 10710 | D:10     | Found a staircase to the Lair.
 11078 | D:10     | Killed an unseen horror
 11078 | D:10     | Reached skill level 14 in Axes
 11393 | D:10     | Noticed a manticore
 11438 | D:10     | Found a staircase to the Orcish Mines.
 12022 | D:11     | Found Memearo's Weapon Shoppe.
 12038 | D:11     | Bought a +2 war axe of venom for 226 gold pieces
 12041 | D:11     | Noticed a brown ugly thing
 12148 | Lair:1   | Entered Level 1 of the Lair of Beasts
 12364 | Lair:1   | Noticed Ratboiler's ghost (powerful CeWn)
 12420 | Lair:2   | Reached XP level 11. HP: 84/84 MP: 9/9
 12807 | Lair:1   | Found a frozen archway.
 12811 | Lair:1   | Reached skill level 5 in Dodging
 12816 | Lair:1   | Reached skill level 5 in Fighting
 15623 | Lair:3   | Noticed Snorg
 15697 | Lair:3   | Killed Snorg
 16337 | Lair:4   | Noticed a five-headed hydra
 16580 | Lair:4   | Reached skill level 5 in Evocations
 16907 | Lair:4   | Reached XP level 12. HP: 94/94 MP: 18/18
 17971 | Lair:4   | Got a pitted ring mail
 17977 | Lair:4   | Identified the +0 ring mail of Contentment {Slay+4} (You found it on level 4 of the Lair of Beasts)
 17997 | Lair:4   | Received a gift from Trog
 18025 | Lair:4   | Killed a five-headed hydra
 18272 | Lair:4   | Found a staircase to the Swamp.
 18508 | Lair:4   | Reached skill level 1 in Armour
 20952 | Lair:6   | Found a staircase to the Snake Pit.
 20983 | Lair:6   | Noticed a six-headed hydra
 20994 | Lair:6   | Killed a six-headed hydra
 20994 | Lair:6   | Reached skill level 5 in Armour
 21074 | Lair:6   | Noticed a seven-headed hydra
 21084 | Lair:6   | Killed a seven-headed hydra
 21163 | Lair:6   | Received a gift from Trog
 21836 | Lair:6   | Reached XP level 13. HP: 92/103 MP: 21/21
 22945 | Lair:7   | Found a staircase to the Slime Pits.
 22946 | Lair:7   | Found a viscous altar of Jiyva.
 24145 | Lair:8   | Entered Level 8 of the Lair of Beasts
 24162 | Lair:8   | Received a gift from Trog
 24646 | Lair:8   | Reached skill level 15 in Axes
 24915 | Lair:8   | Received a gift from Trog
 25620 | Lair:8   | Found a glowing silver altar of Zin.
 25746 | Lair:8   | Reached skill level 10 in Dodging
 26317 | Lair:8   | Reached XP level 14. HP: 46/111 MP: 7/22
 26689 | Lair:8   | Received a gift from Trog
 27415 | Lair:8   | Reached skill level 16 in Axes
 27759 | Lair:8   | Found a viscous altar of Jiyva.
 27759 | Lair:8   | Noticed an acid blob
 27768 | Lair:7   | Upgraded the game from 0.16-a0-2955-gfa193e0 to 0.16-a0-2979-g562a0a4
 27971 | Lair:1   | Killed Ratboiler's ghost
 28184 | Orc:1    | Entered Level 1 of the Orcish Mines
 28192 | Orc:1    | Received a gift from Trog
 28208 | Orc:1    | Got a translucent battleaxe {god gift}
 28211 | Orc:1    | Identified the +0 battleaxe of the Crawling Thing {vamp, Int-3 Dex+2 SInv} (Trog gifted it to you on level 1 of the Orcish Mines)
 28259 | Orc:1    | Found an iron altar of Okawaru.
 28839 | Orc:2    | Received a gift from Trog
 29716 | Orc:3    | Found a staircase to the Elven Halls.
 29739 | Orc:3    | Received a gift from Trog
 29822 | Orc:3    | Found a roughly hewn altar of Beogh.
 30210 | Orc:4    | Entered Level 4 of the Orcish Mines
 30343 | Orc:4    | Noticed Saint Roka
 30360 | Orc:4    | Killed Saint Roka
 30827 | Orc:4    | Found Zaunox's Antique Weapon Emporium.
 31559 | Orc:4    | Received a gift from Trog
 31856 | Orc:4    | Noticed an orc warlord
 32437 | Orc:4    | Paralysed by an orc sorcerer for 4 turns
 32827 | Orc:4    | Killed an orc warlord
 32863 | Orc:4    | Received a gift from Trog
 33022 | Orc:4    | Reached XP level 15. HP: 121/121 MP: 7/23
 33471 | Orc:4    | Found Twacw's General Store.
 33472 | Orc:4    | Found Qacat's Book Shop.
 33473 | Orc:4    | Found Pliodd's Antique Armour Shop.
 33473 | Orc:4    | Found Mnus Tipishro's Antique Weapon Boutique.
 33489 | Orc:4    | Bought a wand of invisibility (5) for 144 gold pieces
 33489 | Orc:4    | Bought a scroll of blinking for 120 gold pieces
 33489 | Orc:4    | Bought a scroll of identify for 32 gold pieces
 33499 | Orc:4    | Bought an ichor-stained leather armour for 203 gold pieces
 33511 | Orc:4    | Identified the +5 leather armour of Ethics {rF+ Str+3} (You bought it in a shop on level 4 of the Orcish Mines)
 33738 | D:11     | Killed a brown ugly thing
 34012 | D:11     | Found a roughly hewn altar of Beogh.
 34016 | D:11     | Noticed a hill giant
 34040 | D:11     | Killed a hill giant
 34045 | D:11     | Received a gift from Trog
 34209 | D:11     | Noticed a hill giant
 34218 | D:11     | Killed a hill giant
 34501 | D:11     | Gained mutation: Your spells are a little harder to cast, but a little more powerful. [potion of beneficial mutation]
 34649 | D:11     | Noticed a hill giant
 34665 | D:11     | Killed a hill giant
 34802 | D:11     | Killed an unseen horror
 34963 | D:12     | Found a flagged portal.
 34988 | Bailey   | Entered a bailey
 35100 | Bailey   | Received a gift from Trog
 35114 | Bailey   | Got a faintly glowing battleaxe {god gift}
 35115 | Bailey   | Identified the +1 battleaxe of Trog's Scorn {chop, rC+ SInv} (Trog gifted it to you in a bailey)
 35379 | Bailey   | Gained mutation: Your mind is acute. (Int +2) [potion of beneficial mutation]
 35384 | Bailey   | Got a warped chain mail
 35399 | Bailey   | Identified the +0 chain mail of the Other World {rPois} (You found it in a bailey)
 35621 | D:12     | Received a gift from Trog
 36720 | D:13     | Identified 2 scrolls of acquirement
 36744 | D:13     | Reached skill level 17 in Axes
 37767 | D:14     | Found Phuosm's Antique Armour Shoppe.
 37775 | D:14     | Bought a shiny helmet for 135 gold pieces
 37810 | D:14     | Received a gift from Trog
 37907 | D:14     | Found Qeiz's Antique Weapon Shop.
 37908 | D:14     | Found Bluole's Weapon Boutique.
 38192 | D:14     | Found a gate to the Vaults.
 38323 | D:14     | Reached skill level 10 in Fighting
 38811 | D:15     | Entered Level 15 of the Dungeon
 39665 | Swamp:1  | Entered Level 1 of the Swamp
 39683 | Swamp:1  | Received a gift from Trog
 39776 | Swamp:1  | Noticed Nessos
 39797 | Swamp:1  | Killed Nessos
 39965 | Swamp:1  | Noticed Urug
 40190 | Swamp:1  | Killed Urug
 40484 | Swamp:1  | Reached XP level 16. HP: 135/135 MP: 24/24
 40515 | Swamp:1  | Noticed Roxanne
 41444 | Swamp:2  | Found a shadowy altar of Dithmenos.
 41673 | Swamp:2  | Received a gift from Trog
 41699 | Swamp:2  | Reached skill level 1 in Shields
 41821 | Swamp:3  | Noticed Asterion
 41829 | Swamp:3  | Killed Asterion
 41916 | Swamp:3  | Noticed Frances
 41930 | Swamp:3  | Killed Frances
 41959 | Swamp:3  | Noticed Donald
 41974 | Swamp:3  | Paralysed by Donald for 4 turns
 41982 | Swamp:3  | Killed Donald
 42389 | Swamp:3  | Identified the Catalogue of Lucky Enchantment
 43466 | Swamp:2  | Noticed Jorgrun
 43484 | Swamp:2  | Killed Jorgrun
 43484 | Swamp:2  | Reached skill level 18 in Axes
 43488 | Swamp:2  | Received a gift from Trog
 44248 | Swamp:4  | Gained mutation: You are somewhat resistant to further mutation. [potion of beneficial mutation]
 44371 | Swamp:4  | Reached skill level 5 in Shields
 44852 | Swamp:5  | Entered Level 5 of the Swamp
 46444 | Swamp:5  | Reached XP level 17. HP: 109/144 MP: 25/25
 46922 | Swamp:5  | Noticed the 27-headed Lernaean hydra
 47553 | Swamp:5  | Got a decaying rune of Zot
 47760 | Swamp:1  | Killed Roxanne
 48091 | Snake:1  | Entered Level 1 of the Snake Pit
 48105 | Snake:1  | Noticed Aizul
 48118 | Snake:1  | Killed Aizul
 48158 | Snake:1  | Noticed Kirke
 48188 | Snake:1  | Killed Kirke
 50224 | Snake:3  | Noticed Vashnia
 50260 | Snake:3  | Killed Vashnia
 50322 | Snake:3  | Received a gift from Trog
 51203 | Snake:4  | HP: 2/144 [something (22)]
 51203 | Snake:4  | Slain by a naga warrior

Action                   |  1- 3 |  4- 6 |  7- 9 | 10-12 | 13-15 | 16-18 || total
-------------------------+-------+-------+-------+-------+-------+-------++-------
Melee: Hand axe          |   105 |   136 |   316 |   385 |     2 |       ||   944
       War axe           |       |       |       |   227 |       |       ||   227
       Battleaxe         |       |       |       |   111 |  1575 |   107 ||  1793
       Broad axe         |       |       |       |       |       |   869 ||   869
       Unarmed           |       |       |       |       |       |     3 ||     3
 Fire: Blowgun           |       |    10 |    56 |    37 |       |       ||   103
Throw: Tomahawk          |       |       |       |     3 |       |       ||     3
       Throwing net      |       |       |       |     1 |       |       ||     1
Invok: Berserk           |       |       |       |    12 |    21 |    11 ||    44
       Burn Spellbooks   |       |       |       |     2 |     3 |     3 ||     8
       Brothers in Arms  |       |       |       |     2 |     7 |    11 ||    20
       Trog's Hand       |       |       |       |     1 |     8 |     9 ||    18
Evoke: Wand              |     3 |     5 |     1 |    17 |    13 |    81 ||   120
       Rod               |       |       |       |    27 |    16 |    39 ||    82
  Use: Scroll            |     4 |     5 |     6 |    19 |    17 |    16 ||    67
       Potion            |       |       |     1 |     1 |     7 |     2 ||    11
 Stab: Paralysed         |       |       |       |       |       |     6 ||     6
       Petrifying        |       |       |       |       |       |     5 ||     5
       Confused          |       |       |       |       |       |     1 ||     1
       Petrified         |       |       |       |       |       |     1 ||     1
  Eat: Chunk             |     1 |     6 |     4 |     6 |    35 |    19 ||    71
       Beef jerky        |       |     1 |     1 |     4 |     3 |     9 ||    18
       Pizza             |       |       |     2 |     1 |     1 |     2 ||     6
       Meat ration       |       |       |     2 |     3 |       |     5 ||    10
       Bread ration      |       |       |       |     3 |     7 |     1 ||    11
       Fruit             |       |       |       |    11 |    23 |     3 ||    37
